TOP OF THE 1ST |
Charleston Battery batting - Pitching for Panama City Piranhas : RHP Hikaru Yamaguchi
|
Pitching: RHP Hikaru Yamaguchi
|
|
Batting: RHB Mike Case
|
0-0: Ground out 3-1 (Groundball, 34)
|
Batting: LHB Joey Coco
|
0-0: Ball 1-0: Foul Ball, location: 2F 1-1: Ball 2-1: Foul Ball, location: 2F 2-2: Ball 3-2: Foul Ball, location: 2F 3-2: SINGLE (Groundball, 34D)
|
Batting: SHB Jasper Morrison
|
0-0: Foul Ball, location: 2F 0-1: Ball 1-1: Ball 2-1: Called Strike 2-2: Ball 3-2: Foul Ball, location: 2F 3-2: Base on Balls Joey Coco to second
|
Batting: LHB Spencer Powell
|
0-0: Grounds into double play, 4-6-3 (Groundball, 4)
|
Top of the 1st over - 0 runs, 1 hit, 0 errors, 1 left on base; Charleston 0 - Panama City 0 |
BOTTOM OF THE 1ST |
Panama City Piranhas batting - Pitching for Charleston Battery : RHP Roberto Calderón
|
Pitching: RHP Roberto Calderón
|
|
Batting: RHB Petri Kallio
|
0-0: Swinging Strike 0-1: Called Strike 0-2: Strikes out swinging
|
Batting: SHB Tom Dickinson
|
0-0: Called Strike 0-1: Swinging Strike 0-2: Ball 1-2: Ball 2-2: Ball 3-2: Strikes out swinging
|
Batting: LHB Murray Sperber
|
0-0: SINGLE (Line Drive, 4D)
|
Batting: RHB Mike Strickland
|
0-0: Foul Ball, location: 2F 0-1: Foul Ball, location: 2F 0-2: Ball 1-2: Ball 2-2: Ball Murray Sperber steals 2nd base 3-2: Ground out U3 (Groundball, 3)
|
Bottom of the 1st over - 0 runs, 1 hit, 0 errors, 1 left on base; Charleston 0 - Panama City 0 |
TOP OF THE 2ND |
Charleston Battery batting - Pitching for Panama City Piranhas : RHP Hikaru Yamaguchi
|
Batting: RHB Paco Muńóz
|
0-0: Foul Ball, location: 2F 0-1: Swinging Strike 0-2: Strikes out swinging
|
Batting: LHB Vicente Gonzáles
|
0-0: Ball 1-0: Ball 2-0: Ball 3-0: Called Strike 3-1: Called Strike 3-2: Ground out 5-3 (Groundball, 5L)
|
Batting: RHB Anson Darrah
|
0-0: Ball 1-0: Ball 2-0: Called Strike 2-1: Fly out, F9 (Flyball, 9LS)
|
Top of the 2nd over - 0 runs, 0 hits, 0 errors, 0 left on base; Charleston 0 - Panama City 0 |
BOTTOM OF THE 2ND |
Panama City Piranhas batting - Pitching for Charleston Battery : RHP Roberto Calderón
|
Batting: LHB John Hansen
|
0-0: Called Strike 0-1: Called Strike 0-2: Foul Ball, location: 2F 0-2: Ball 1-2: Strikes out looking
|
Batting: RHB Quindarious Monday
|
0-0: Ball 1-0: Called Strike 1-1: Foul Ball, location: 2F 1-2: Ball 2-2: Strikes out looking
|
Batting: LHB António Ramos
|
0-0: Swinging Strike 0-1: Swinging Strike 0-2: Ball 1-2: Strikes out looking
|
Bottom of the 2nd over - 0 runs, 0 hits, 0 errors, 0 left on base; Charleston 0 - Panama City 0 |
TOP OF THE 3RD |
Charleston Battery batting - Pitching for Panama City Piranhas : RHP Hikaru Yamaguchi
|
Batting: LHB Datu Lesaca
|
0-0: Foul Ball, location: 2F 0-1: Ball 1-1: Fly out, F9 (Flyball, 9D)
|
Batting: RHB Jesús Ruano
|
0-0: Ball 1-0: Ball 2-0: Ground out 5-3 (Groundball, 56S)
|
Batting: RHB Mike Case
|
0-0: Fly out, F7 (Line Drive, 7)
|
Top of the 3rd over - 0 runs, 0 hits, 0 errors, 0 left on base; Charleston 0 - Panama City 0 |
BOTTOM OF THE 3RD |
Panama City Piranhas batting - Pitching for Charleston Battery : RHP Roberto Calderón
|
Batting: RHB Enrique Rocha
|
0-0: Ball 1-0: Ball 2-0: Called Strike 2-1: SOLO HOME RUN (Flyball, 7LD), Distance : 357 ft
|
Batting: RHB Peter Heard
|
0-0: Called Strike 0-1: Ball 1-1: Foul Ball, location: 2F 1-2: Ball 2-2: Ball 3-2: Base on Balls
|
Batting: RHB Petri Kallio
|
0-0: Grounds into double play, 6-4-3 (Groundball, 6)
|
Batting: SHB Tom Dickinson
|
0-0: Ball 1-0: DOUBLE (Groundball, 3L)
|
Batting: LHB Murray Sperber
|
0-0: Ball 1-0: Ball 2-0: Swinging Strike 2-1: TRIPLE (Line Drive, 8RXD) Tom Dickinson scores
|
Batting: RHB Mike Strickland
|
0-0: Called Strike 0-1: Called Strike 0-2: Strikes out swinging
|
Bottom of the 3rd over - 2 runs, 3 hits, 0 errors, 1 left on base; Charleston 0 - Panama City 2 |
TOP OF THE 4TH |
Charleston Battery batting - Pitching for Panama City Piranhas : RHP Hikaru Yamaguchi
|
Batting: LHB Joey Coco
|
0-0: Fly out, F9 (Line Drive, 9LM)
|
Batting: SHB Jasper Morrison
|
0-0: Ball 1-0: Called Strike 1-1: Swinging Strike 1-2: Ball 2-2: Strikes out swinging
|
Batting: LHB Spencer Powell
|
0-0: Called Strike 0-1: Foul Ball, location: 2F 0-2: Strikes out swinging
|
Top of the 4th over - 0 runs, 0 hits, 0 errors, 0 left on base; Charleston 0 - Panama City 2 |
BOTTOM OF THE 4TH |
Panama City Piranhas batting - Pitching for Charleston Battery : RHP Roberto Calderón
|
Batting: LHB John Hansen
|
0-0: Called Strike 0-1: Called Strike 0-2: Ball 1-2: Ball 2-2: Foul Ball, location: 2F 2-2: Foul Ball, location: 2F 2-2: Foul Ball, location: 2F 2-2: Ground out 4-3 (Groundball, 4)
|
Batting: RHB Quindarious Monday
|
0-0: Called Strike 0-1: Ball 1-1: Called Strike 1-2: Foul Ball, location: 2F 1-2: Ground out 5-3 (Groundball, 56)
|
Batting: LHB António Ramos
|
0-0: Called Strike 0-1: Ball 1-1: Ball 2-1: Swinging Strike 2-2: Ball 3-2: Base on Balls
|
Batting: RHB Enrique Rocha
|
Pickoff Throw to First - Error! E1 António Ramos to second 0-0: Ball Passed Ball! António Ramos to third 1-0: Fly out, F8 (Flyball, 8LD)
|
Bottom of the 4th over - 0 runs, 0 hits, 1 error, 1 left on base; Charleston 0 - Panama City 2 |
TOP OF THE 5TH |
Charleston Battery batting - Pitching for Panama City Piranhas : RHP Hikaru Yamaguchi
|
Pitching: RHP Robinson Suárez
|
|
Batting: RHB Paco Muńóz
|
0-0: Called Strike 0-1: Ball 1-1: Ball 2-1: Foul Ball, location: 2F 2-2: Foul Ball, location: 2F 2-2: Ball 3-2: Foul Ball, location: 2F 3-2: SINGLE (Groundball, 6MD)
|
Batting: LHB Vicente Gonzáles
|
0-0: Bunted foul 0-1: Ball 1-1: Sac Bunt - play at first, batter OUT! 3-4 Paco Muńóz to second
|
Batting: RHB Anson Darrah
|
0-0: Foul Ball, location: 2F 0-1: SINGLE (Groundball, 6MD) Paco Muńóz to third Throwing error, E8 Paco Muńóz scores Anson Darrah to second
|
Batting: LHB Datu Lesaca
|
0-0: Called Strike Anson Darrah is caught stealing 3rd base 0-1: Ball 1-1: Ball 2-1: Ball 3-1: Base on Balls
|
Batting: RHB Jesús Ruano
|
0-0: Ball 1-0: Called Strike 1-1: Foul Ball, location: 2F 1-2: Foul Ball, location: 2F 1-2: Fielders Choice at 2nd, 5-4 (Groundball, 5)
|
Top of the 5th over - 1 run, 2 hits, 1 error, 1 left on base; Charleston 1 - Panama City 2 |
BOTTOM OF THE 5TH |
Panama City Piranhas batting - Pitching for Charleston Battery : RHP Roberto Calderón
|
Pitching: RHP John Bailey
|
|
Batting: RHB Peter Heard
|
0-0: Swinging Strike 0-1: Fly out, F9 (Line Drive, 9D)
|
Batting: RHB Petri Kallio
|
0-0: Called Strike 0-1: Ball 1-1: Called Strike 1-2: Strikes out swinging
|
Batting: SHB Tom Dickinson
|
0-0: Ball 1-0: Swinging Strike 1-1: Fly out, F6 (Line Drive, 6)
|
Bottom of the 5th over - 0 runs, 0 hits, 0 errors, 0 left on base; Charleston 1 - Panama City 2 |
TOP OF THE 6TH |
Charleston Battery batting - Pitching for Panama City Piranhas : RHP Robinson Suárez
|
Batting: RHB Mike Case
|
0-0: Called Strike 0-1: Foul Ball, location: 2F 0-2: Strikes out swinging
|
Batting: LHB Joey Coco
|
0-0: Ball 1-0: Foul Ball, location: 2F 1-1: Ball 2-1: Called Strike 2-2: Fly out, F9 (Flyball, 89M)
|
Batting: SHB Jasper Morrison
|
0-0: Ball 1-0: Called Strike 1-1: Foul Ball, location: 2F 1-2: Strikes out looking
|
Top of the 6th over - 0 runs, 0 hits, 0 errors, 0 left on base; Charleston 1 - Panama City 2 |
BOTTOM OF THE 6TH |
Panama City Piranhas batting - Pitching for Charleston Battery : RHP John Bailey
|
Batting: LHB Murray Sperber
|
0-0: Called Strike 0-1: Called Strike 0-2: Fly out, F9 (Flyball, 9S)
|
Batting: RHB Mike Strickland
|
0-0: Ball 1-0: Foul Ball, location: 2F 1-1: Swinging Strike 1-2: Ball 2-2: Foul Ball, location: 2F 2-2: Foul Ball, location: 2F 2-2: Ground out U3 (Groundball, 34)
|
Batting: LHB John Hansen
|
0-0: Ball 1-0: Swinging Strike 1-1: DOUBLE (Line Drive, 9LS)
|
Batting: RHB Quindarious Monday
|
0-0: Hit by Pitch
|
Batting: LHB António Ramos
|
0-0: Fly out, F9 (Flyball, 9S)
|
Bottom of the 6th over - 0 runs, 1 hit, 0 errors, 2 left on base; Charleston 1 - Panama City 2 |
TOP OF THE 7TH |
Charleston Battery batting - Pitching for Panama City Piranhas : RHP Robinson Suárez
|
Now in CF: Landon Harryman
|
|
Batting: LHB Spencer Powell
|
0-0: Ball 1-0: SINGLE (Flyball, 8LS)
|
Batting: RHB Paco Muńóz
|
0-0: Ball 1-0: Called Strike 1-1: Ball 2-1: Ball 3-1: Foul Ball, location: 2F 3-2: Base on Balls Spencer Powell to second
|
Batting: LHB Vicente Gonzáles
|
0-0: Bunted foul 0-1: Bunted foul 0-2: Ball 1-2: Ball 2-2: Ball Passed Ball! Spencer Powell to third Paco Muńóz to second 3-2: Foul Ball, location: 2F 3-2: Fly out, F4 (Popup, 13S)
|
Batting: RHB Anson Darrah
|
0-0: Fly out, F8 (Flyball, 8LM) Runner from 3rd tags up, OUT at HOME
|
Top of the 7th over - 0 runs, 1 hit, 0 errors, 1 left on base; Charleston 1 - Panama City 2 |
BOTTOM OF THE 7TH |
Panama City Piranhas batting - Pitching for Charleston Battery : RHP John Bailey
|
Batting: RHB Enrique Rocha
|
0-0: Ball 1-0: Called Strike 1-1: Called Strike 1-2: Strikes out looking
|
Batting: RHB Peter Heard
|
0-0: Called Strike 0-1: Foul Ball, location: 2F 0-2: Ball 1-2: Ball 2-2: Ball 3-2: Strikes out swinging
|
Pinch Hitting: RHB Sergio Ortíz
|
0-0: SINGLE (Groundball, 34D)
|
Batting: RHB Sadakuno Taketo
|
0-0: Ball 1-0: Fly out, F7 (Flyball, 7LS)
|
Bottom of the 7th over - 0 runs, 1 hit, 0 errors, 1 left on base; Charleston 1 - Panama City 2 |
TOP OF THE 8TH |
Charleston Battery batting - Pitching for Panama City Piranhas : RHP Robinson Suárez
|
Now at 3B: Sergio Ortíz
|
|
Batting: LHB Datu Lesaca
|
0-0: Foul Ball, location: 2F 0-1: Swinging Strike 0-2: Strikes out looking
|
Batting: RHB Jesús Ruano
|
0-0: Ball 1-0: Foul Ball, location: 2F 1-1: Ball 2-1: Swinging Strike 2-2: Ball 3-2: SINGLE (Groundball, 6MD)
|
Pinch Hitting: RHB Fernando Rivera
|
0-0: Foul Ball, location: 2F 0-1: Called Strike 0-2: Foul Ball, location: 2F 0-2: Fly out, F4 (Popup, 4S)
|
Pitching: LHP Joe Khokar
|
|
Pinch Hitting: RHB Wrangler Haresnape
|
0-0: Called Strike 0-1: Ball 1-1: Swinging Strike 1-2: Fly out, F7 (Flyball, 7D)
|
Top of the 8th over - 0 runs, 1 hit, 0 errors, 1 left on base; Charleston 1 - Panama City 2 |
BOTTOM OF THE 8TH |
Panama City Piranhas batting - Pitching for Charleston Battery : RHP John Bailey
|
Now at 3B: Fernando Rivera
|
|
Now in LF: Wrangler Haresnape
|
|
Batting: LHB Landon Harryman
|
0-0: Ball 1-0: Ground out 5-3 (Groundball, 56)
|
Pinch Hitting: RHB Micah Coffey
|
0-0: Swinging Strike 0-1: Called Strike 0-2: Ball 1-2: SINGLE (Flyball, 89M)
|
Pinch Hitting: RHB Arturo Scantlebury
|
0-0: Grounds into double play, 6-4-3 (Groundball, 6)
|
Bottom of the 8th over - 0 runs, 1 hit, 0 errors, 0 left on base; Charleston 1 - Panama City 2 |
TOP OF THE 9TH |
Charleston Battery batting - Pitching for Panama City Piranhas : LHP Joe Khokar
|
Now at 1B: Arturo Scantlebury
|
|
Now at 2B: Micah Coffey
|
|
Pinch Hitting: RHB Vincent Crane
|
0-0: Ball 1-0: Fly out, F3 (Popup, 23F)
|
Batting: RHB Luis Ríos
|
0-0: Ball 1-0: Ball 2-0: Ball 3-0: Base on Balls
|
Pinch Hitting: RHB Ryan Faulkner
|
0-0: Called Strike 0-1: Ball 1-1: Swinging Strike 1-2: Fielders Choice at 2nd, 6-4 (Groundball, 6)
|
Pinch Hitting: RHB Loren Stallings
|
0-0: Ball 1-0: Ball 2-0: Foul Ball, location: 2F 2-1: Ball 3-1: Called Strike 3-2: Foul Ball, location: 2F 3-2: Base on Balls Ryan Faulkner to second
|
Batting: RHB Anson Darrah
|
0-0: Foul Ball, location: 2F 0-1: SINGLE (Groundball, 4D) Ryan Faulkner to third Loren Stallings to second Runner from 3rd tries for Home, SAFE, throw made home
|
Batting: LHB Datu Lesaca
|
0-0: Called Strike 0-1: Called Strike 0-2: Ball 1-2: Ball 2-2: Foul Ball, location: 2F 2-2: Foul Ball, location: 2F 2-2: Strikes out swinging
|
Top of the 9th over - 1 run, 1 hit, 0 errors, 2 left on base; Charleston 2 - Panama City 2 |
BOTTOM OF THE 9TH |
Panama City Piranhas batting - Pitching for Charleston Battery : RHP John Bailey
|
Now at C: Guillermo Arellano
|
|
Now at 1B: Ryan Faulkner
|
|
Now in CF: Loren Stallings
|
|
Pinch Hitting: SHB Tony Walsh
|
0-0: Ball 1-0: Foul Ball, location: 2F 1-1: Swinging Strike 1-2: Strikes out looking
|
Pinch Hitting: LHB DeMarvion Overshown
|
0-0: Ball 1-0: Swinging Strike 1-1: Ground out 4-3 (Groundball, 4)
|
Pinch Hitting: SHB Dave Atkins
|
0-0: Swinging Strike 0-1: Foul Ball, location: 2F 0-2: Ball 1-2: Foul Ball, location: 2F 1-2: Strikes out looking
|
Bottom of the 9th over - 0 runs, 0 hits, 0 errors, 0 left on base; Charleston 2 - Panama City 2 |
TOP OF THE 10TH |
Charleston Battery batting - Pitching for Panama City Piranhas : LHP Joe Khokar
|
Now at C: Tony Walsh
|
|
Now at SS: Dave Atkins
|
|
Now in RF: DeMarvion Overshown
|
|
Batting: RHB Jesús Ruano
|
0-0: Called Strike 0-1: Swinging Strike 0-2: Fly out, F8 (Flyball, 8LS)
|
Batting: RHB Fernando Rivera
|
0-0: Swinging Strike 0-1: Called Strike 0-2: Ball 1-2: Strikes out swinging
|
Batting: RHB Wrangler Haresnape
|
0-0: Called Strike 0-1: Ground out 6-3 (Groundball, 6)
|
Top of the 10th over - 0 runs, 0 hits, 0 errors, 0 left on base; Charleston 2 - Panama City 2 |
BOTTOM OF THE 10TH |
Panama City Piranhas batting - Pitching for Charleston Battery : RHP John Bailey
|
Pitching: RHP Hiroaki Kouda
|
|
Pinch Hitting: RHB JoJo Victory
|
0-0: Ball 1-0: Ball 2-0: Ground out 6-3 (Groundball, 6)
|
Batting: RHB Sergio Ortíz
|
0-0: DOUBLE (Line Drive, 78XD)
|
Batting: RHB Sadakuno Taketo
|
0-0: Intentional Walk
|
Batting: LHB Landon Harryman
|
0-0: Fielders Choice at 2nd, 6-4 (Groundball, 6) Sergio Ortíz to third
|
Batting: RHB Micah Coffey
|
0-0: Called Strike 0-1: Foul Ball, location: 2F 0-2: Ball 1-2: Strikes out swinging
|
Bottom of the 10th over - 0 runs, 1 hit, 0 errors, 2 left on base; Charleston 2 - Panama City 2 |
TOP OF THE 11TH |
Charleston Battery batting - Pitching for Panama City Piranhas : LHP Joe Khokar
|
Now in LF: JoJo Victory
|
|
Batting: LHB Guillermo Arellano
|
0-0: Called Strike 0-1: Called Strike 0-2: Ball 1-2: Strikes out looking
|
Batting: RHB Luis Ríos
|
0-0: SINGLE (Groundball, 2L) (infield hit)
|
Batting: RHB Ryan Faulkner
|
0-0: Ball 1-0: Foul Ball, location: 2F 1-1: Ball 2-1: Fielders Choice at 2nd, 5-4 (Groundball, 56)
|
Batting: RHB Loren Stallings
|
0-0: Ball 1-0: Foul Ball, location: 2F 1-1: SINGLE (Line Drive, 9) Ryan Faulkner to second
|
Batting: RHB Anson Darrah
|
0-0: Ball 1-0: Called Strike 1-1: Ball 2-1: Ball 3-1: Base on Balls Ryan Faulkner to third Loren Stallings to second
|
Pitching: RHP Erasmo Monteagudo
|
|
Batting: LHB Datu Lesaca
|
0-0: Called Strike 0-1: Ball 1-1: Foul Ball, location: 2F 1-2: Ball 2-2: Foul Ball, location: 2F 2-2: Foul Ball, location: 2F 2-2: Foul Ball, location: 2F 2-2: Strikes out swinging
|
Top of the 11th over - 0 runs, 2 hits, 0 errors, 3 left on base; Charleston 2 - Panama City 2 |
BOTTOM OF THE 11TH |
Panama City Piranhas batting - Pitching for Charleston Battery : RHP Hiroaki Kouda
|
Batting: RHB Arturo Scantlebury
|
0-0: Ball 1-0: Foul Ball, location: 2F 1-1: DOUBLE (Groundball, 5L)
|
Batting: SHB Tony Walsh
|
0-0: Called Strike 0-1: Swinging Strike 0-2: Strikes out swinging
|
Batting: LHB DeMarvion Overshown
|
0-0: Ball 1-0: Ball 2-0: Foul Ball, location: 2F 2-1: Swinging Strike 2-2: Strikes out swinging
|
Batting: SHB Dave Atkins
|
0-0: Called Strike 0-1: Called Strike 0-2: Strikes out swinging
|
Bottom of the 11th over - 0 runs, 1 hit, 0 errors, 1 left on base; Charleston 2 - Panama City 2 |
TOP OF THE 12TH |
Charleston Battery batting - Pitching for Panama City Piranhas : RHP Erasmo Monteagudo
|
Batting: RHB Jesús Ruano
|
0-0: Ground out 6-3 (Groundball, 6)
|
Batting: RHB Fernando Rivera
|
0-0: Called Strike 0-1: Swinging Strike 0-2: Ball 1-2: Foul Ball, location: 2F 1-2: Strikes out swinging
|
Batting: RHB Wrangler Haresnape
|
0-0: Called Strike 0-1: Ball 1-1: Fly out, F7 (Flyball, 78S)
|
Top of the 12th over - 0 runs, 0 hits, 0 errors, 0 left on base; Charleston 2 - Panama City 2 |
BOTTOM OF THE 12TH |
Panama City Piranhas batting - Pitching for Charleston Battery : RHP Hiroaki Kouda
|
Pitching: LHP Carlos Medina
|
|
Batting: RHB JoJo Victory
|
0-0: Called Strike 0-1: Foul Ball, location: 2F 0-2: Foul Ball, location: 2F 0-2: Foul Ball, location: 2F 0-2: Strikes out swinging
|
Batting: RHB Sergio Ortíz
|
0-0: Ball 1-0: Called Strike 1-1: Ball 2-1: Called Strike 2-2: Foul Ball, location: 2F 2-2: Strikes out swinging
|
Batting: RHB Sadakuno Taketo
|
0-0: SINGLE (Flyball, 78S)
|
Pinch Runner at 1st Govaart Pleijt:
|
|
Pinch Hitting: RHB Tak-hing Huang
|
0-0: Ball Govaart Pleijt is caught stealing 2nd base
|
Bottom of the 12th over - 0 runs, 1 hit, 0 errors, 0 left on base; Charleston 2 - Panama City 2 |
TOP OF THE 13TH |
Charleston Battery batting - Pitching for Panama City Piranhas : RHP Erasmo Monteagudo
|
Now in LF: Tak-hing Huang
|
|
Batting: LHB Guillermo Arellano
|
0-0: Ground out 5-3 (Groundball, 56)
|
Pitching: RHP Greg Rook
|
|
Batting: RHB Luis Ríos
|
0-0: Ground out 5-3 (Groundball, 56)
|
Batting: RHB Ryan Faulkner
|
0-0: Ball 1-0: Ball 2-0: Ground out 6-3 (Groundball, 6)
|
Top of the 13th over - 0 runs, 0 hits, 0 errors, 0 left on base; Charleston 2 - Panama City 2 |
BOTTOM OF THE 13TH |
Panama City Piranhas batting - Pitching for Charleston Battery : LHP Carlos Medina
|
Batting: RHB Tak-hing Huang
|
0-0: Ball 1-0: Ball 2-0: Called Strike 2-1: Fly out, F9 (Line Drive, 89M)
|
Batting: RHB Micah Coffey
|
0-0: Ball 1-0: Called Strike 1-1: Swinging Strike 1-2: SOLO HOME RUN (Flyball, 7LD), Distance : 347 ft
|
Friday, March 29th, 2019 - OOTP Baseball 18.8 Build 76
|
|